 Dungeon Crawl Stone Soup version 0.18-a0-1121-gb454403 (webtiles) character file.

82 ater218 the Skirmisher (level 4, -3/40 HPs)
             Began as a Draconian Berserker on Jan 18, 2016.
             Was a Believer of Trog.
             Slain by Grinder (5 damage)
             ... on level 3 of the Dungeon.
             The game lasted 00:06:19 (1446 turns).

ater218 the Skirmisher (Draconian Berserker)        Turns: 1446, Time: 00:06:19

Health: -3/40      AC:  6    Str: 20    XL:     4   Next: 21%
Magic:  4/4        EV: 13    Int:  8    God:    Trog [**....]
Gold:   131        SH:  0    Dex: 10    Spells: 0 memorised, 3 levels left

rFire  . . .     SeeInvis .     a - +0 spear
rCold  . . .     Gourm    .     (armour unavailable)
rNeg   . . .     Faith    .     (no shield)
rPois  .         Spirit   .     (helmet restricted)
rElec  .         Dismiss  .     d - +0 cloak
rCorr  .         Reflect  .     (no gloves)
SustAt .         Harm     .     (no boots)
MR     ++...                    (no amulet)
Stlth  +.........               (no ring)
                                g - ring of flight

@: regenerating, very resistant to hostile enchantments, very unstealthy
A: unfitting armour, cold-blooded, AC +5
a: Berserk, Trog's Hand, Burn Spellbooks, Renounce Religion, Evoke Flight


You were on level 3 of the Dungeon.
You worshipped Trog.
Trog was pleased with you.
You were hungry.

You visited 1 branch of the dungeon, and saw 3 of its levels.

You collected 131 gold pieces.

Inventory:

Hand Weapons
 a - a +0 spear (weapon)
Armour
 d - a +0 cloak (worn)
 p - a +3 scale mail
Jewellery
 g - a ring of flight (left hand)
Scrolls
 e - 3 scrolls of identify {unknown}
 f - a scroll of noise {unknown}
 h - a scroll of blinking {unknown}
 i - a scroll of random uselessness {unknown}
 j - a scroll of recharging {unknown}
 l - a scroll of fear {unknown}
 m - a scroll of fog {unknown}
 n - 2 scrolls of remove curse {unknown}
 r - 3 scrolls of enchant weapon {unknown}
Potions
 c - a potion of haste {unknown}
 k - 2 potions of brilliance {unknown}
 q - a potion of mutation {unknown}
Comestibles
 b - 3 bread rations
 o - a beef jerky


   Skills:
 + Level 4.1 Fighting
 + Level 3.5 Polearms
 + Level 3.5 Dodging
 + Level 0.6 Stealth


You had 3 spell levels left.
You didn't know any spells.

Dungeon Overview and Level Annotations

Branches:
Dungeon (3/15)

Altars:
Elyvilon
Fedhas
Vehumet

Annotations:
D:3 Grinder


Innate Abilities, Weirdness & Mutations

Your plain brown scales are hard (AC +5).
Your body does not fit into most forms of armour.
You are cold-blooded and may be slowed by cold attacks.


Message History

There is a stone staircase leading down here.
Grinder hits you but does no damage.
You climb downwards.
You hear the sound of rushing water.
There is an entrance to a sewer on this level.
Hurry and find it before the portal rusts away!
There is a stone staircase leading up here.
You hit Grinder.
Grinder is lightly wounded.
Grinder hits you but does no damage.
g - a ring of flight (left hand) Grinder hits you.
* * * LOW HITPOINT WARNING * * *
You writhe in agony.
* * * LOW HITPOINT WARNING * * *
Your skin crawls.
You feel resistant to hostile enchantments.
You feel slightly more hungry. Grinder hits you.
* * * LOW HITPOINT WARNING * * *
You writhe in agony.
You die...

#........#
#.....#...#
.........#
#.....#...#
....####.#
##.....#...5 ###.#
#.#
#####......ยง###.
###.## #.#
##...........# #.
##...###.##
#............###.
..._......#
#..............#.
##...##...#
##...##......##.#.
##.## .#
#@5.....#######...
#)###...#
##...#### ####
###.......# #...+
........... #...#
###.....##. #.#.<#
......# #.##.#
......# #.# .#
.......# #.. .#
##.###.$.


You could see Grinder.

Vanquished Creatures
  Terence (D:3)
  2 adders
  A worm (D:2)
  4 bats
  3 giant cockroaches
  6 goblins
  3 hobgoblins
  4 jackals (D:3)
  2 ball pythons
  A giant newt (D:2)
  4 kobolds
  3 rats
34 creatures vanquished.

Notes
Turn   | Place    | Note
--------------------------------------------------------------
     0 | D:1      | ater218 the Draconian Berserker began the quest for the Orb.
     0 | D:1      | Reached XP level 1. HP: 19/19 MP: 1/1
   152 | D:1      | Reached XP level 2. HP: 23/26 MP: 2/2
   624 | D:2      | Reached XP level 3. HP: 33/33 MP: 3/3
   659 | D:2      | Found a radiant altar of Vehumet.
   941 | D:3      | Reached skill level 4 in Fighting
   993 | D:3      | Reached ** piety under Trog
  1001 | D:3      | Found a blossoming altar of Fedhas.
  1119 | D:3      | Found a white marble altar of Elyvilon.
  1142 | D:3      | Noticed Terence
  1164 | D:3      | Killed Terence
  1164 | D:3      | Reached XP level 4. HP: 7/40 MP: 4/4
  1364 | D:3      | Noticed Grinder
  1446 | D:3      | HP: 2/40 [Grinder (2)]
  1446 | D:3      | Slain by Grinder

Vault maps used:
D:1:      evilmike_arrival_come_back
D:2:      nicolae_overflow_hidden_temple
D:3:      old_standard_altar, lemuel_crystal_altar,
          nicolae_overflow_crystal_walls, nicolae_dithmenos_shadow_blocks,
          first_bread, portal_sewer_entry_d, uniq_grinder, uniq_terence,
          uniq_sigmund

Action                   |  1- 3 |  4- 6 || total
-------------------------+-------+-------++-------
Melee: Spear             |   150 |     1 ||   151
Invok: Trog's Hand       |       |     1 ||     1
 Stab: Sleeping          |     2 |       ||     2
  Eat: Chunk             |     1 |       ||     1
